Map: Eternal Empire LE

Players

PiLiPiLi

  • Race: Protoss Protoss
  • League: Grandmaster
  • Spawn Location: 1:00

MaSa - Winner!

  • Race: Terran Terran
  • League: Master
  • Spawn Location: 7:00

Event: DreamHack SC2 Masters 2020 Fall

VOD

Have the link to the VOD?

Description

Time

  • Played on: Sept. 3, 2020, 6:13 p.m.
  • Length: 11:56

All games in this series

Show
View Real Time Build Order
Export as new Build Order

PiLiPiLi Protoss 

Build Orders: 1 Gate Expand, Blink Stalkers, Chargelot Immortal 

Get SALT Encoding   

  12  0:00  Probe  
  13  0:12  Probe  
  14  0:18  Pylon  
  14  0:24  Probe (Chrono Boost)  
  15  0:37  Probe (Chrono Boost), Gateway  
  16  0:45  Probe (Chrono Boost)  
  16  0:46  Assimilator  
  17  0:51  Probe  
  18  1:03  Probe  
  19  1:15  Probe  
  20  1:23  Nexus  
  20  1:32  Cybernetics Core  
  20  1:35  Probe  
  21  1:41  Assimilator  
  21  1:47  Probe  
  22  1:55  Pylon  
  22  2:00  Probe  
  23  2:10  Warp Gate  
  23  2:11  Stalker (Chrono Boost)  
  23  2:13  Probe  
  26  2:25  Probe  
  26  2:27  Twilight Council  
  27  2:31  Stalker (Chrono Boost)  
  28  2:37  Probe  
  29  2:45  Shield Battery  
  29  2:46  Probe  
  29  2:49  Probe  
  31  2:58  Probe  
  32  3:01  Probe  
  33  3:10  Probe  
  32  3:15  Probe  
  32  3:16  Blink (Chrono Boost)  
  32  3:22  Probe  
  34  3:27  Probe  
  33  3:36  Probe  
  33  3:39  Probe  
  35  3:48  Probe  
  36  3:51  Probe  
  37  3:57  Gateway  
  37  3:59  Gateway  
  37  4:00  Probe  
  38  4:06  Stalker  
  38  4:07  Probe, Pylon  
  41  4:12  Probe  
  42  4:18  Robotics Facility  
  42  4:19  Probe  
  43  4:24  Probe  
  43  4:31  Probe  
  43  4:34  Stalker  
  43  4:36  Probe  
  47  4:43  Probe  
  48  4:48  Probe  
  49  4:55  Probe  
  48  5:00  Probe  
  48  5:01  Stalker x2  
  48  5:04  Pylon  
  48  5:05  Observer (Chrono Boost)  
  54  5:10  Nexus  
  54  5:20  Pylon  
  54  5:22  Probe  
  54  5:24  Pylon  
  55  5:29  Observer  
  55  5:31  Probe  
  55  5:34  Assimilator  
  55  5:35  Charge, Forge  
  57  5:39  Probe  
  58  5:45  Sentry x2, Protoss Ground Armor Level 1 (Chrono Boost)  
  58  5:46  Probe  
  58  5:49  Immortal (Chrono Boost)  
  63  5:52  Probe  
  68  5:58  Probe  
  69  6:05  Probe  
  69  6:07  Shield Battery  
  69  6:11  Probe  
  71  6:12  Gateway  
  71  6:14  Gateway  
  71  6:17  Gateway  
  71  6:18  Probe  
  72  6:23  Probe x2  
  72  6:24  Pylon  
  74  6:29  Immortal (Chrono Boost)  
  78  6:33  Probe  
  78  6:35  Probe  
  78  6:38  Probe, Observer  
  81  6:45  Probe  
  82  6:48  Gateway  
  82  6:49  Gateway  
  82  6:52  Gateway  
  82  6:55  Pylon  
  82  6:57  Probe  
  82  6:58  Warp Prism (Chrono Boost)  
  83  7:02  Pylon  
  85  7:09  Sentry  
  85  7:10  Sentry, Zealot x2  
  93  7:17  Pylon  
  92  7:24  Zealot  
  92  7:25  Probe x2  
  92  7:26  Probe  
  97  7:31  Templar Archives  
  97  7:37  Probe  
  97  7:38  Probe  
  97  7:39  Zealot, Assimilator  
  97  7:40  Zealot x4  
  97  7:42  Assimilator  
  109  7:44  Pylon, Protoss Ground Armor Level 2 (Chrono Boost)  
  109  7:47  Probe  
  110  7:53  Psionic Storm  
  110  7:59  Immortal (Chrono Boost)  
  110  8:02  Pylon  
  114  8:11  Assimilator  
  114  8:19  High Templar  
  116  8:26  Zealot x3  
  116  8:27  Zealot x3, High Templar  
  126  8:28  Zealot  
  132  8:40  Probe x2, Photon Cannon  
  128  8:43  Pylon  
  128  8:47  Photon Cannon  
  128  8:50  High Templar  
  128  8:51  High Templar  
  128  8:52  Probe  
  133  9:00  Immortal (Chrono Boost)  
  133  9:02  Probe  
  134  9:04  Forge  
  134  9:06  Photon Cannon  
  134  9:08  Zealot, High Templar  
  140  9:15  Pylon  
  140  9:16  Pylon  
  140  9:18  Pylon  
  140  9:19  Pylon  
  140  9:34  Stalker x2  
  140  9:35  Pylon  
  140  9:36  Zealot x6  
  140  9:37  Pylon  
  156  9:39  Pylon  
  148  9:50  Zealot  
  127  9:59  Stalker x6  
  115  10:04  High Templar  
  115  10:05  Zealot, High Templar x3  
  115  10:06  Zealot x3  
  123  10:12  Archon  
  123  10:22  Zealot  
  123  10:23  Nexus  
  123  10:25  Pylon  
  121  10:44  Zealot x9  
  129  11:06  High Templar  
  129  11:07  Zealot x4, High Templar x4  
  147  11:14  Archon  
  147  11:16  Archon  
  139  11:22  Immortal (Chrono Boost)  
  139  11:24  Probe  
  84  11:47  Stalker  
  84  11:48  Stalker x8  
Show
View Real Time Build Order
Export as new Build Order

MaSa Terran - Winner!

Build Orders:  

Get SALT Encoding   

  12  0:00  SCV  
  13  0:12  SCV  
  14  0:17  Supply Depot  
  14  0:24  SCV  
  15  0:38  SCV  
  15  0:40  Barracks  
  16  0:43  Refinery  
  16  0:50  SCV  
  16  0:52  Refinery  
  17  1:03  SCV  
  18  1:07  Supply Depot  
  18  1:15  SCV  
  19  1:27  Reaper  
  19  1:29  Orbital Command  
  20  1:43  Factory  
  20  1:55  SCV  
  20  1:59  Reaper  
  22  2:07  SCV  
  23  2:10  Bunker  
  23  2:19  SCV  
  24  2:27  Hellion  
  26  2:32  SCV  
  26  2:34  Barracks Reactor  
  27  2:40  Command Center  
  27  2:47  Starport  
  27  2:48  SCV  
  28  2:53  Widow Mine  
  30  2:59  Supply Depot  
  30  3:03  SCV  
  31  3:19  SCV  
  31  3:21  Widow Mine  
  31  3:24  Medivac  
  35  3:31  SCV  
  36  3:39  Armory  
  36  3:43  SCV  
  36  3:46  Factory Tech Lab  
  36  3:53  Orbital Command  
  36  3:54  Marine x2  
  36  3:55  SCV, Starport Tech Lab  
  37  3:56  Bunker  
  37  4:05  Refinery  
  37  4:07  SCV  
  41  4:10  Siege Tank  
  41  4:13  Marine x2  
  43  4:19  SCV  
  43  4:20  SCV  
  45  4:24  Supply Depot  
  45  4:31  SCV  
  45  4:32  SCV  
  45  4:37  Marine x2  
  47  4:40  Supply Depot, Raven  
  47  4:43  SCV  
  47  4:44  SCV  
  51  4:56  SCV  
  51  4:57  Siege Tank  
  51  4:58  Marine x2  
  51  4:59  SCV  
  58  5:06  Drilling Claws  
  58  5:08  SCV  
  59  5:16  Command Center  
  59  5:17  SCV  
  59  5:19  Marine  
  59  5:20  SCV, Marine  
  61  5:28  Barracks  
  61  5:31  SCV  
  61  5:32  Starport Tech Lab  
  61  5:33  SCV  
  63  5:38  Barracks  
  63  5:40  Siege Tank  
  66  5:43  SCV  
  66  5:45  Supply Depot  
  66  5:48  Engineering Bay  
  66  5:49  SCV  
  68  5:55  SCV  
  69  5:59  Refinery, Marine  
  69  6:02  Starport Reactor  
  70  6:06  SCV, Marine  
  70  6:07  SCV  
  70  6:08  Supply Depot  
  73  6:17  Marine  
  74  6:18  SCV  
  74  6:19  SCV  
  74  6:21  Terran Infantry Weapons Level 1, Stimpack  
  74  6:23  Marauder  
  78  6:27  Marine  
  78  6:29  Supply Depot x2  
  78  6:30  SCV  
  79  6:33  Orbital Command  
  79  6:39  SCV  
  80  6:44  Medivac x2, Marauder  
  80  6:46  SCV  
  87  6:50  Factory Reactor  
  87  6:53  Barracks  
  87  6:55  Barracks  
  87  6:56  Marine  
  87  6:59  Marauder, Orbital Command  
  87  7:00  SCV  
  87  7:01  SCV  
  92  7:05  Marauder  
  94  7:12  SCV  
  95  7:18  Bunker  
  95  7:19  Supply Depot x2  
  95  7:20  SCV  
  96  7:24  SCV  
  96  7:25  SCV  
  96  7:26  Combat Shield, Marauder, Marine x2  
  96  7:27  Marauder  
  96  7:28  Widow Mine  
  96  7:29  Widow Mine  
  108  7:32  Medivac  
  108  7:33  Medivac  
  108  7:35  SCV  
  113  7:40  SCV x2  
  113  7:43  Supply Depot  
  115  7:44  Barracks Reactor  
  115  7:45  Concussive Shells, Supply Depot  
  115  7:46  Marauder  
  115  7:48  Marauder  
  115  7:49  Widow Mine  
  115  7:50  SCV  
  122  7:53  Widow Mine  
  122  7:54  SCV  
  122  7:55  SCV  
  126  8:03  SCV  
  131  8:06  Supply Depot  
  131  8:07  Supply Depot x2, Liberator x2  
  131  8:10  Marauder  
  131  8:11  Marauder  
  137  8:16  SCV x2  
  137  8:19  SCV  
  140  8:21  Refinery x2  
  140  8:22  Ghost Academy  
  140  8:24  Marauder, Marine  
  140  8:25  Marine  
  144  8:31  Supply Depot, Marauder  
  146  8:40  Widow Mine x2  
  150  8:42  Terran Infantry Armor Level 1  
  150  8:43  Ghost Academy  
  150  8:53  Medivac  
  150  9:02  Widow Mine x2  
  152  9:04  Marauder x3, Marine x4  
  152  9:07  SCV x3  
  164  9:10  Command Center  
  164  9:21  Barracks x2  
  164  9:22  Barracks  
  164  9:23  Widow Mine x2  
  168  9:24  Ghost  
  168  9:28  Supply Depot  
  170  9:35  Ghost  
  170  9:37  Ghost  
  174  9:44  Widow Mine x2  
  174  9:45  Marine  
  143  9:54  Marauder, Marine x3  
  138  10:04  Marauder  
  138  10:06  Marauder, Marine, Widow Mine x2  
  132  10:08  SCV x3  
  132  10:12  Armory  
  133  10:14  Engineering Bay  
  133  10:15  Medivac, Marauder  
  133  10:18  Medivac  
  133  10:20  Marine x3  
  133  10:21  Barracks Tech Lab  
  142  10:22  Barracks Tech Lab  
  142  10:25  Barracks Tech Lab  
  142  10:26  Marauder  
  142  10:28  Marauder  
  146  10:36  Marauder  
  146  10:39  Marauder, Marine x3  
  146  10:40  Widow Mine x2  
  149  10:44  Marine  
  149  10:47  Marauder  
  149  10:49  Marauder x3  
  158  10:58  Marauder  
  158  11:03  Marauder, Marine x4  
  158  11:04  SCV x2  
  166  11:09  Marauder  
  166  11:10  Marauder  
  170  11:15  Marauder x2  
  170  11:16  SCV x2  
  174  11:19  Marine  
  174  11:20  Marine  
  171  11:36  Marine  
  171  11:38  Marine  
  166  11:40  SCV x3  

Tags
 
Add a new tag
Caveats
  • Supply blocks, unpowered buildings, or Contaminate may cause inaccurate times.
  • Supply counts are checked every 10 seconds.